 Dungeon Crawl Stone Soup version 0.29-a0-512-gf59ac788ac (webtiles) character file.

Game seed: 16915065051886099542

12 Sobieck the Sneak (level 2, -2/19 HPs)
             Began as a Vampire Earth Elementalist on May 29, 2022.
             Slain by a gnoll
             ... wielding a +0 whip
              (4 damage)
             ... on level 1 of the Dungeon.
             The game lasted 00:00:40 (95 turns).

Sobieck the Sneak (Vampire Earth Elementalist)        Turns: 95, Time: 00:00:41

Health: -2/19      AC:  2    Str:  7    XL:     2   Next: 20%
Magic:  0/5        EV: 12    Int: 17    God:
Gold:   0          SH:  0    Dex: 14    Spells: 4/5 levels left

rFire   . . .      SeeInvis +   e - +0 mace {mace}
rCold   . . .      Faith    .   (no shield)
rNeg    . . .      Spirit   .   b - +0 robe
rPois   .          Reflect  .   (no helmet)
rElec   .          Harm     .   (no cloak)
rCorr   .          Rampage  .   (no gloves)
Will    .....                   (no boots)
Stlth   ++........              (no amulet)
HPRegen 0.26/turn               (no ring)
MPRegen 0.09/turn               (no ring)

@: healing quickly
A: alive, fangs 3, see invisible, vampiric 1
a: Exsanguinate


You were on level 1 of the Dungeon.
You visited 1 branch of the dungeon, and saw 1 of its levels.


Innate Abilities, Weirdness & Mutations

Your natural rate of healing is accelerated.
You have razor-sharp teeth.
You have supernaturally acute eyesight. (SInv)
You are afflicted with vampirism.


   Skills:
 - Level 2.1 Dodging
 + Level 3.5 Stealth
 - Level 2.0 Spellcasting
 + Level 1.6 Transmutations
 + Level 3.2 Earth Magic


You had 4 spell levels left.
You knew the following spells:

 Your Spells              Type           Power      Damage    Failure   Level
a - Sandblast             Erth           24%        2d8       4%          1

Your spell library contained the following spells:

 Spells                   Type           Power      Damage    Failure   Level
 Passwall                 Tmut/Erth      8%         N/A       11%         2
 Stone Arrow              Conj/Erth      14%        3d7       30%         3
 Petrify                  Tmut/Erth      10%        N/A       56%         4

Inventory:

Hand Weapons
 e - a +0 mace (weapon) {mace}
   (You found it on level 1 of the Dungeon)
Missiles
 a - 25 stones {throwing}
Armour
 b - a +0 robe (worn)
Scrolls
 d - 3 scrolls of identify {unknown}
Potions
 c - a potion of magic
 f - a potion of might {unknown}

Dungeon Overview and Level Annotations

Branches:
Dungeon (1/15)

Altars:

#†...#..
#.#..#.#
##...#.#
#...#.# ##..#.#
##†#.# #..#.#
#.g..#
#.@####### #+##
#.........
#..###....##...
##..#.....#
#..#.#....#
#...##....#
##.###.......
#.## #....###
#.# #....#


You could see a gnoll.


Message History

🤖 Initializing magus.rc ...
Options error: Bad monster_list_colour key: strict_neutral (~/.crawlrc:4811) Bad channel name for runrest: 'pray:' ✅ Successfully initialized magus_sobieck.rc [v0.0.2] Welcome, Sobieck the Vampire Earth Elementalist.
The sublime Orb of Zot lies far below, as if waiting for you to find it.
Press ? for a list of commands and other information.
Found a staircase leading out of the dungeon.
Unknown command.
You open the door.
There is an open door here.
There is a staircase leading out of the dungeon here.
You open the door.
There is an open door here.
d - 3 scrolls labelled JUEHAC PAHITTI Unknown command.
e - a +0 mace {mace} Unknown command.
e - a +0 mace (weapon)
{mace}
f - a white potion A ball python comes into view.
Danger!
A hobgoblin comes into view.
A ball python comes into view.
The helpless ball python fails to defend itself.
You hit the ball python.
You kill the ball python!
The hobgoblin attacks as you move away! The hobgoblin misses you.
You hit the hobgoblin.
The hobgoblin hits you but does no damage.
The hobgoblin barely misses you.
You hit the hobgoblin.
You kill the hobgoblin!
You see here a hobgoblin corpse.
Danger!
The ball python hisses angrily.
You closely miss the ball python. The ball python bites you.
The ball python misses you.
You barely miss the ball python. The ball python bites you.
The ball python barely misses you. The ball python misses you.
The ball python barely misses you.
You thump the ball python!
You kill the ball python!
Unknown command.
A gnoll comes into view. It is wielding a +0 club.
Danger!
A gnoll comes into view. It is wielding a +0 whip.
The gnoll shouts!
Danger!
Casting: Sandblast (safe; 5% risk of failure)
Confirm with . or Enter, or press ? or * to list all spells.
Aiming: Sandblast (safe; 5% risk of failure)
Press: ? - help, Shift-Dir - straight line, f - gnoll
Aim: a gnoll, wielding a +0 club (82% to hit)
The blast of sand hits the gnoll!
Casting: Sandblast (safe; 5% risk of failure)
Confirm with . or Enter, or press ? or * to list all spells.
Aiming: Sandblast (safe; 5% risk of failure)
Press: ? - help, Shift-Dir - straight line, f/p - gnoll
Aim: a gnoll, wielding a +0 club (severely wounded, 82% to hit)
The blast of sand hits the gnoll.
You kill the gnoll!
You have reached level 2!
You see here a hobgoblin corpse.
Unknown command.
Casting: Sandblast (safe; 4% risk of failure)
Confirm with . or Enter, or press ? or * to list all spells.
Aiming: Sandblast (safe; 4% risk of failure)
Press: ? - help, Shift-Dir - straight line, f - gnoll
Aim: a gnoll, wielding a +0 whip (82% to hit)
The blast of sand hits the gnoll.
Unknown command.
Casting: Sandblast (safe; 4% risk of failure)
Confirm with . or Enter, or press ? or * to list all spells.
Aiming: Sandblast (safe; 4% risk of failure)
Press: ? - help, Shift-Dir - straight line, f/p - gnoll
Aim: a gnoll, wielding a +0 whip (heavily wounded, 82% to hit)
The blast of sand misses the gnoll.
Unknown command.
You barely miss the gnoll. The gnoll hits you with a +0 whip.
The gnoll barely misses you.
You barely miss the gnoll. The gnoll hits you with a +0 whip.
Unknown command.
You barely miss the gnoll. Your bite misses the gnoll.
The gnoll barely misses you. The gnoll misses you.
You closely miss the gnoll. The gnoll hits you with a +0 whip.
* * * LOW HITPOINT WARNING * * *
Unknown command.
You hit the gnoll. The gnoll completely misses you.
You closely miss the gnoll. The gnoll misses you.
The gnoll hits you with a +0 whip.
* * * LOW HITPOINT WARNING * * *
Unknown command.
Casting: Sandblast (safe; 4% risk of failure)
Confirm with . or Enter, or press ? or * to list all spells.
Aiming: Sandblast (safe; 4% risk of failure)
Press: ? - help, Shift-Dir - straight line, f/p - gnoll
Aim: a gnoll, wielding a +0 whip (almost dead, 82% to hit)
The blast of sand misses the gnoll.
The gnoll hits you with a +0 whip.
You die...

Action                   || total
-------------------------++-------
Melee: Mace              ||    12
 Cast: Sandblast         ||     5
 Stab: Sleeping          ||     1
Armor: Robe              ||     1
Dodge: Dodged            ||    11

Levels and vault maps discovered:
D:1:      elethiomel_arrival_fortress_basement, layout_rooms,
          shapermc_ecumenical_altar_flowoftime, minivault_27

Notes
Turn   | Place    | Note
-------+----------+-------------------------------------------
     0 | D:1      | Sobieck the Vampire Earth Elementalist began the quest for
                  | the Orb.
     0 | D:1      | Reached XP level 1. HP: 13/13 MP: 3/3
    77 | D:1      | Reached XP level 2. HP: 19/19 MP: 1/5
    94 | D:1      | HP: 2/19 [gnoll/+0 whip (5)]
    95 | D:1      | Slain by a gnoll

Vanquished Creatures
  A gnoll (D:1)
  A hobgoblin (D:1)
  2 ball pythons (D:1)
4 creatures vanquished.

Table legend:
 A = Non-vault XP
 B = Vault XP
 C = Vault XP percentage of total XP
 D = Non-vault monster count
 E = Vault monster count
 F = Vault count percentage of total count
                 A         B        C        D         E       F
            +---------+---------+-------+---------+---------+-------
      Total |      18 |       0 |   0.0 |       4 |       0 |   0.0
            +---------+---------+-------+---------+---------+-------
        D:1 |      18 |       0 |   0.0 |       4 |       0 |   0.0
            +---------+---------+-------+---------+---------+-------

Illustrated notes

Table legend:
 A = Kills in this place as a percentage of kills in entire the game.
 B = Kills by you in this place as a percentage of kills by you in the entire game.
 C = Kills by friends in this place as a percentage of kills by friends in the entire game.
 D = Other kills in this place as a percentage of other kills in the entire game.
 E = Experience gained in this place as a percentage of experience gained in the entire game.
 F = Experience gained in this place divided by the number of levels of this place that you have seen.
                   A       B       C       D       E      F
               +-------+-------+-------+-------+-------+----------------------
         Total | 100.0 | 100.0 |   N/A |   N/A | 100.0 |  18.0
       Dungeon | 100.0 | 100.0 |   N/A |   N/A | 100.0 |  18.0
               +-------+-------+-------+-------+-------+----------------------

Table legend: (Time is in decaauts)
 A = Elapsed time spent in this place.
 B = Non-inter-level travel time spent in this place.
 C = Inter-level travel time spent in this place.
 D = Time resting spent in this place.
 E = Time spent auto-exploring this place.
 F = Levels seen in this place.
 G = Mean time per level.
                   A        B        C        D        E       F      G
               +--------+--------+--------+--------+--------+-----+--------+
         Total |     99 |     99 |      0 |      0 |     39 |   1 |   99.0 |
       Dungeon |     99 |     99 |      0 |      0 |     39 |   1 |   99.0 |
               +--------+--------+--------+--------+--------+-----+--------+

Top non-repeatable levels by time:
     D:1: 99 daAuts
